[Event "Titled Tuesday Blitz February 14 Early 2023"]
[White "Mika, Tomasz"]
[Black "Alex_Sahakyan2006"]
[WhiteFideId "1132970"]
[WhiteElo "2169"]
[BlackElo "2715"]
[Result "1-0"]
[Round "02"]
[TimeControl "180+2"]
[Date "2023.02.15"]
[WhiteClock "0:00:03"]
[BlackClock "0:00:02"]

1. Nf3 g6 2. e4 Bg7 3. d4 d6 4. Bd3 Nd7 5. c3 e5 6. Bg5 Ngf6 7. h3 O-O 8. O-O c6 9. Nbd2 Qc7 10. Re1 Re8 11. Rc1 Nf8 12. Nf1 Nh5 13. Qd2 Ne6 14. Bh6 Bh8 15. dxe5 dxe5 16. Bc4 b5 17. Bb3 Nc5 18. Bc2 Be6 19. Qe3 Na4 20. b3 Nb6 21. Ng5 a5 22. Nxe6 Rxe6 23. Bd1 Nf6 24. Bf3 Bg7 25. Red1 Ree8 26. Bg5 a4 27. h4 axb3 28. axb3 h5 29. Bh6 Nbd7 30. Ng3 Nf8 31. Bxg7 Kxg7 32. Qg5 N8h7 33. Qe3 Red8 34. Rxd8 Qxd8 35. Rd1 Qe7 36. Qb6 Qe6 37. b4 Ng4 38. Bxg4 Qxg4 39. Re1 Qxh4 40. Qxc6 Ra2 41. Qd5 Rc2 42. Qxe5+ Nf6 43. Rd1 Kh7 44. Qd4 Qf4 45. e5 Qxd4 46. cxd4 Ng4 47. d5 Rc7 48. d6 Rd7 49. Ne4 Nxe5 50. Nf6+ Kg7 51. Nxd7 Nxd7 52. Re1 Kf6 53. Re7 Nb6 54. Rb7 Nc4 55. Rxb5 Nxd6 56. Rd5 Ke6 57. Rd1 Kd7 58. f3 Kc6 59. Kf2 Nf5 60. Rb1 Kb5 61. f4 Nd4 62. Ke3 Nc2+ 63. Kd3 1-0


[Site "https://www.chess.com"]

[Event "Titled Tuesday Blitz February 14 Early 2023"]
[White "Rian, Kapriaga"]
[Black "Dehtiarov, Roman"]
[WhiteFideId "7103263"]
[BlackFideId "14186640"]
[WhiteElo "2089"]
[BlackElo "2289"]
[Result "0-1"]
[Round "02"]
[TimeControl "180+2"]
[Date "2023.02.15"]
[WhiteClock "0:00:02"]
[BlackClock "0:00:10"]

1. d4 Nf6 2. Nf3 d5 3. Bf4 c5 4. e3 Nc6 5. Nbd2 Qb6 6. dxc5 Qxc5 7. c4 Bg4 8. Be2 Bxf3 9. Bxf3 e5 10. Bg3 e4 11. Be2 d4 12. exd4 Nxd4 13. O-O Be7 14. Nb3 Nxb3 15. Qxb3 O-O 16. Qxb7 Bd6 17. Bxd6 Qxd6 18. Rfd1 Qe5 19. b3 a5 20. Rab1 a4 21. b4 Rab8 22. Qc6 Ra8 23. c5 e3 24. Qf3 exf2+ 25. Qxf2 Ne4 26. Qe3 f5 27. Bf3 Rad8 28. Bxe4 fxe4 29. b5 Qb2 30. h3 Rxd1+ 31. Rxd1 Qxb5 32. Qxe4 Qxc5+ 33. Qd4 Qa3 34. Qd5+ Kh8 35. Qd6 Qe3+ 36. Kh1 Qf2 37. Qd2 Qf6 38. Qd4 Qc6 39. Qd6 Qa8 40. Rb1 h6 41. Qg3 Qd5 42. a3 Qe4 43. Re1 Qd5 44. Kh2 Qc5 45. Re3 Qc6 46. Re7 Qf6 47. Re3 Qd4 48. Rf3 Re8 49. Rd3 Qa7 50. Rf3 Qc5 51. Rd3 Kh7 52. Rf3 Rd8 53. Qf4 Rg8 54. Qf5+ Qxf5 55. Rxf5 Ra8 56. Rf4 Kg6 57. Rb4 Kf6 58. Kg3 g5 59. Kf3 Kf5 60. g4+ Kf6 61. Rb6+ Kg7 62. Ke4 Re8+ 63. Kf5 Rf8+ 64. Ke5 Re8+ 65. Kf5 Rf8+ 66. Ke5 Rf3 67. Rb7+ Kg8 68. Rb8+ Kf7 69. Rb7+ Kf8 70. Rb8+ Ke7 71. Rb7+ Kd8 72. Kd6 Rd3+ 73. Ke6 Rxa3 0-1


[Site "https://www.chess.com"]

[Event "Titled Tuesday Blitz February 14 Early 2023"]
[White "Guo, Josh"]
[Black "Dragnev, Valentin"]
[WhiteFideId "2682427"]
[BlackFideId "1634852"]
[WhiteElo "2112"]
[BlackElo "2593"]
[Result "0-1"]
[Round "02"]
[TimeControl "180+2"]
[Date "2023.02.15"]
[WhiteClock "0:00:11"]
[BlackClock "0:02:30"]

1. e4 c5 2. Nf3 d6 3. d4 cxd4 4. Nxd4 Nf6 5. Nc3 Nc6 6. Bc4 Bd7 7. Bb3 Rc8 8. Be3 Na5 9. Qe2 e6 10. O-O Be7 11. f4 O-O 12. Kh1 a6 13. Rad1 Qc7 14. f5 Nxb3 15. axb3 b5 16. fxe6 fxe6 17. e5 dxe5 18. Nf3 b4 19. Na4 Bb5 20. Qe1 Bxf1 21. Qxf1 Nd5 22. Qd3 Qxc2 23. h3 Qxd3 24. Rxd3 e4 0-1


[Site "https://www.chess.com"]

[Event "Titled Tuesday Blitz February 14 Early 2023"]
[White "Matveeva, Olga"]
[Black "Matinian, Nikita"]
[WhiteFideId "24107018"]
[BlackFideId "24129100"]
[WhiteElo "2128"]
[BlackElo "2407"]
[Result "0-1"]
[Round "02"]
[TimeControl "180+2"]
[Date "2023.02.15"]
[WhiteClock "0:00:03"]
[BlackClock "0:00:32"]

1. d4 Nf6 2. c4 e6 3. g3 Bb4+ 4. Bd2 a5 5. Bg2 Nc6 6. Nf3 e5 7. d5 e4 8. dxc6 exf3 9. cxd7+ Bxd7 10. Bxf3 Bh3 11. Nc3 c6 12. Qc2 O-O 13. O-O-O Qb6 14. Be3 Qa6 15. Ne4 Nxe4 16. Bxe4 f5 17. Bf3 a4 18. Bd4 a3 19. b3 Rae8 20. Bc3 Qb6 21. e3 Bg4 22. Rd7 Re7 23. Rxe7 Bxe7 24. Bg2 Qc7 25. h3 Bh5 26. e4 f4 27. g4 f3 28. Bf1 Bg6 29. Bd3 Rd8 30. Rd1 Qh2 31. e5 Rxd3 32. Rxd3 Qxh3 33. Qd1 Bxd3 34. Qxd3 Qxg4 35. e6 Qxe6 36. Qxf3 Bg5+ 37. Bd2 Qf6 0-1


[Site "https://www.chess.com"]

[Event "Titled Tuesday Blitz February 14 Early 2023"]
[White "Csonka, Balazs"]
[Black "Jiganchine, Roman"]
[WhiteFideId "742910"]
[BlackFideId "2603667"]
[WhiteElo "2496"]
[BlackElo "2205"]
[Result "1-0"]
[Round "02"]
[TimeControl "180+2"]
[Date "2023.02.15"]
[WhiteClock "0:00:03"]
[BlackClock "0:00:01"]

1. e4 c6 2. d4 d5 3. exd5 cxd5 4. Bd3 Nc6 5. c3 Nf6 6. Bf4 Bg4 7. Qb3 Qc8 8. Nd2 e6 9. Ngf3 Be7 10. O-O O-O 11. Ne5 Bh5 12. Qc2 Bg6 13. Nxg6 hxg6 14. Nf3 a6 15. a4 Na5 16. g3 Nc4 17. Qe2 Nd7 18. h4 Bf6 19. Kg2 Re8 20. Ne5 Bxe5 21. dxe5 Qc6 22. h5 g5 23. Bxg5 Ncxe5 24. h6 g6 25. Bf6 Nxf6 26. Qxe5 d4+ 27. f3 Nh5 28. Rh1 f6 29. Qe2 Qd5 30. Bxg6 Re7 31. Rxh5 1-0


[Site "https://www.chess.com"]

[Event "Titled Tuesday Blitz February 14 Early 2023"]
[White "Szente Varga, Fruzsina"]
[Black "Md, Imran"]
[WhiteFideId "712264"]
[BlackFideId "25748580"]
[WhiteElo "2075"]
[BlackElo "2284"]
[Result "0-1"]
[Round "02"]
[TimeControl "180+2"]
[Date "2023.02.15"]
[WhiteClock "0:00:06"]
[BlackClock "0:01:09"]

1. e4 c5 2. Nf3 Nc6 3. Bb5 e6 4. b3 Nge7 5. Bb2 a6 6. Bxc6 Nxc6 7. O-O f6 8. e5 Be7 9. d3 O-O 10. Nbd2 Qe8 11. a4 b6 12. Nc4 Rb8 13. Qe2 Qh5 14. Rfe1 b5 15. axb5 axb5 16. Na5 Nb4 17. exf6 gxf6 18. d4 Nd5 19. Nd2 Qg6 20. Qe4 f5 21. Qf3 Bf6 22. c4 Nb4 23. Rad1 Nc2 24. Re2 cxd4 25. cxb5 Rxb5 26. Nac4 Bb7 27. Qg3 Qxg3 28. hxg3 d3 29. Re3 Bxb2 30. Nxb2 Rc8 31. Rxd3 Bd5 32. Nbc4 Rbc5 33. Rc1 Nb4 34. Rd4 Nc6 35. Rd3 Ne5 36. Rdc3 Ng4 37. f3 Nf6 38. Kf2 Bb7 39. Ke3 d5 40. Kd4 dxc4 41. bxc4 e5+ 42. Ke3 Nd5+ 0-1


[Site "https://www.chess.com"]

[Event "Titled Tuesday Blitz February 14 Early 2023"]
[White "Martinez Ramirez, Lennis"]
[Black "Loskutova, Viktoriya"]
[WhiteFideId "3509079"]
[BlackFideId "34166278"]
[WhiteElo "2426"]
[BlackElo "2153"]
[Result "1/2-1/2"]
[Round "02"]
[TimeControl "180+2"]
[Date "2023.02.15"]
[WhiteClock "0:00:10"]
[BlackClock "0:00:29"]

1. c4 e5 2. Nc3 d6 3. g3 g6 4. Bg2 Bg7 5. b4 f5 6. b5 Nf6 7. d3 O-O 8. e3 a6 9. Nge2 axb5 10. Nxb5 c6 11. Nbc3 Na6 12. Rb1 Nc7 13. O-O d5 14. cxd5 Nfxd5 15. Bd2 Kh8 16. a4 Rb8 17. a5 Be6 18. Qc2 Qd7 19. Na4 Na6 20. e4 Ne7 21. Nb6 Qc7 22. f4 fxe4 23. dxe4 Bg4 24. Bc3 Nc8 25. fxe5 Rxf1+ 26. Bxf1 Nxb6 27. axb6 Qe7 28. Qb2 Re8 29. Nf4 Nc5 30. Ra1 Nxe4 31. Nd3 Nxc3 32. Qxc3 Bf5 33. Ra7 Bxd3 34. Bxd3 Bxe5 35. Qc4 Qg7 36. Qe4 Bd4+ 37. Kg2 Rxe4 38. Ra8+ Qg8 39. Rxg8+ Kxg8 40. Bxe4 Bxb6 41. Kf3 Kf7 42. Kf4 Ke6 43. Kg5 Kf7 44. Kh6 Kg8 45. g4 Be3+ 46. g5 Bf4 47. h3 Kh8 48. Bf3 Bg3 49. Be4 Be1 50. Bf3 Bd2 51. Be4 Kg8 52. Bf3 c5 53. Bxb7 Kh8 54. Bd5 c4 55. Bxc4 Be3 56. Be6 Bd2 57. Bf7 Be3 58. Bxg6 hxg6 59. Kxg6 Bd2 60. h4 Bc1 61. h5 Bxg5 62. Kxg5 Kh7 63. h6 Kh8 64. Kg6 Kg8 65. h7+ 1/2-1/2


[Site "https://www.chess.com"]

[Event "Titled Tuesday Blitz February 14 Early 2023"]
[White "Fan_Of_Chucky"]
[Black "Fiorito, Joaquin"]
[BlackFideId "180173"]
[WhiteElo "2323"]
[BlackElo "2405"]
[Result "1-0"]
[Round "02"]
[TimeControl "180+2"]
[Date "2023.02.15"]
[WhiteClock "0:00:37"]
[BlackClock "0:00:10"]

1. d4 Nf6 2. c4 e6 3. Nf3 d5 4. g3 dxc4 5. Bg2 c5 6. O-O Nc6 7. Ne5 Bd7 8. Na3 cxd4 9. Naxc4 Bc5 10. Bf4 O-O 11. Qb3 Bb6 12. a4 Nd5 13. Nxc6 Bxc6 14. Bd6 Re8 15. Ba3 Rc8 16. Nd6 Bc7 17. Nxc8 Qxc8 18. Rfd1 Bb6 19. a5 Bxa5 20. Rxd4 Bb6 21. Rc4 Qd7 22. Bc5 Bxc5 23. Rxc5 Qe7 24. Rac1 a6 25. e4 Nf6 26. e5 Nd5 27. Qd1 g6 28. h4 Rd8 29. Qg4 h5 30. Qe2 Qd7 31. Qd2 Qe8 32. R5c4 Qe7 33. Rd4 Qd7 34. Rd1 Qc7 35. Qg5 a5 36. g4 hxg4 37. h5 Kg7 38. hxg6 fxg6 39. Rxg4 Qf7 40. Qxd8 Qf5 41. Rh4 1-0


[Site "https://www.chess.com"]

[Event "Titled Tuesday Blitz February 14 Early 2023"]
[White "Sokolovsky, Yahli"]
[Black "Koridze, Lile"]
[WhiteFideId "2820242"]
[BlackFideId "13612514"]
[WhiteElo "2461"]
[BlackElo "2191"]
[Result "1-0"]
[Round "02"]
[TimeControl "180+2"]
[Date "2023.02.15"]
[WhiteClock "0:00:16"]
[BlackClock "0:00:18"]

1. b3 Nf6 2. Bb2 g6 3. Nf3 Bg7 4. e3 O-O 5. d4 b6 6. Be2 Bb7 7. O-O c5 8. c4 d6 9. d5 e6 10. dxe6 fxe6 11. Nc3 Qe7 12. Qd2 Nc6 13. Rad1 Rad8 14. Qc1 Ng4 15. Ne4 Nce5 16. Nxe5 Nxe5 17. Ng3 Qh4 18. f4 Ng4 19. Bxg4 Qxg4 20. Bxg7 Kxg7 21. Qb2+ Kg8 22. Qe2 Qxe2 23. Nxe2 d5 24. Nc3 dxc4 25. bxc4 Ba6 26. Nb5 Bxb5 27. cxb5 Kf7 28. Kf2 Ke7 29. Ke2 Rxd1 30. Rxd1 Rd8 31. Rc1 Rd5 32. Rc4 Rh5 33. h3 Rd5 34. h4 Kf6 35. g4 h5 36. g5+ Ke7 37. Ra4 Rd7 38. Kf3 Kd6 39. Ke4 Rf7 40. Ra3 Rd7 41. Ra6 Rf7 42. a4 Rb7 43. a5 Kd7 44. axb6 axb6 45. Ke5 Ke7 46. e4 Rb8 47. Ra7+ Ke8 48. Kxe6 Rc8 49. Rh7 Kd8 50. Kd6 1-0


[Site "https://www.chess.com"]

[Event "Titled Tuesday Blitz February 14 Early 2023"]
[White "Sovetbekova, Nurai"]
[Black "Mindlin, Alon"]
[WhiteFideId "13801910"]
[BlackFideId "2800071"]
[WhiteElo "1764"]
[BlackElo "2435"]
[Result "0-1"]
[Round "02"]
[TimeControl "180+2"]
[Date "2023.02.15"]
[WhiteClock "0:00:04"]
[BlackClock "0:00:53"]

1. d4 Nf6 2. c4 e6 3. Nc3 Bb4 4. Bd2 b6 5. e3 Bb7 6. Nf3 O-O 7. Bd3 d6 8. O-O Nbd7 9. Qc2 Bxf3 10. gxf3 c5 11. d5 Ne5 12. Be2 Bxc3 13. Bxc3 exd5 14. cxd5 Nxd5 15. f4 Nxc3 16. Qxc3 Ng6 17. Rad1 Qe7 18. Bf3 Rad8 19. Rd5 Nh4 20. e4 f5 21. Re1 fxe4 22. Rxe4 Qf6 23. Qb3 Kh8 24. Bh1 Rde8 25. Qe3 Rxe4 26. Qxe4 Qxb2 27. Rd1 Qxa2 28. Qe7 Ng6 29. Qxd6 Qf7 30. Be4 Qxf4 31. Bxg6 Qxd6 32. Rxd6 hxg6 33. Rxg6 Rc8 34. Rd6 c4 0-1


[Site "https://www.chess.com"]

[Event "Titled Tuesday Blitz February 14 Early 2023"]
[White "Lauridsen, Jesper Morch"]
[Black "Tan, Zhongyi"]
[WhiteFideId "1401890"]
[BlackFideId "8603642"]
[WhiteElo "2309"]
[BlackElo "2517"]
[Result "0-1"]
[Round "02"]
[TimeControl "180+2"]
[Date "2023.02.15"]
[WhiteClock "0:00:03"]
[BlackClock "0:01:47"]

1. e4 c5 2. Nf3 e6 3. d4 cxd4 4. Nxd4 Nf6 5. Nc3 d6 6. Be2 a6 7. O-O Be7 8. f4 O-O 9. g4 Nc6 10. g5 Nxd4 11. Qxd4 Nd7 12. Qf2 b5 13. a3 Bb7 14. Be3 Rc8 15. Rad1 Rxc3 16. bxc3 Bxe4 17. Bd3 Qa8 18. Bxe4 Qxe4 19. Rd4 Qc6 20. f5 exf5 21. Qxf5 Ne5 22. Rh4 g6 23. Qh3 h5 24. Bd4 Bxg5 25. Rxh5 gxh5 26. Qxh5 f6 27. Bxe5 Be3+ 28. Rf2 Bxf2+ 29. Kxf2 fxe5+ 30. Ke3 Qc5+ 31. Kd2 Rf2+ 32. Kc1 Qxa3+ 33. Kb1 Rf1+ 34. Qd1 Rxd1# 0-1


[Site "https://www.chess.com"]

[Event "Titled Tuesday Blitz February 14 Early 2023"]
[White "Ozates, Tuna"]
[Black "Tinmaz, Kerem"]
[WhiteFideId "6354521"]
[BlackFideId "44559151"]
[WhiteElo "2251"]
[BlackElo "2177"]
[Result "1-0"]
[Round "02"]
[TimeControl "180+2"]
[Date "2023.02.15"]
[WhiteClock "0:00:19"]
[BlackClock "0:00:01"]

1. e4 c6 2. d4 d5 3. exd5 cxd5 4. c4 Nf6 5. Nc3 Nc6 6. Nf3 Bg4 7. c5 e6 8. Bb5 Bxf3 9. gxf3 Qa5 10. a3 Be7 11. Rg1 Kf8 12. Bf4 Nh5 13. Be3 a6 14. Bd3 Qc7 15. Qd2 Bf6 16. Be2 Re8 17. f4 g6 18. Bxh5 gxh5 19. Rd1 Rg8 20. Rxg8+ Kxg8 21. Qe2 h4 22. Qh5 Kh8 23. f3 Rg8 24. Kf2 Ne7 25. Qxf7 Bg7 26. Qxe6 Ng6 27. Nxd5 Qa5 28. f5 Nf8 29. Qf7 Qb5 30. f6 Qxb2+ 31. Rd2 Qc1 32. fxg7+ Rxg7 33. Qxf8+ Rg8 34. Qf6+ Rg7 35. Nf4 Qg1+ 36. Ke2 Qb1 37. Nh5 Qb5+ 38. Kf2 1-0


[Site "https://www.chess.com"]

[Event "Titled Tuesday Blitz February 14 Early 2023"]
[White "Zaksaite, Salomeja"]
[Black "Liyanage, Ranindu Dilshan"]
[WhiteFideId "12801496"]
[BlackFideId "9915834"]
[WhiteElo "2283"]
[BlackElo "2342"]
[Result "0-1"]
[Round "02"]
[TimeControl "180+2"]
[Date "2023.02.15"]
[WhiteClock "0:00:01"]
[BlackClock "0:00:04"]

1. e4 g6 2. d4 Bg7 3. Nc3 d6 4. Be3 a6 5. Qd2 b5 6. Bd3 Bb7 7. Nf3 h6 8. a4 b4 9. Ne2 a5 10. c3 bxc3 11. bxc3 Nf6 12. Ng3 Nbd7 13. O-O Ng4 14. Rfb1 Qc8 15. Bf4 e5 16. dxe5 dxe5 17. Be3 O-O 18. Bb5 Ndf6 19. Bc5 Nxe4 20. Nxe4 Bxe4 21. Bxf8 Qxf8 22. Re1 Bb7 23. Qe2 e4 24. Nd4 Ne5 25. Rab1 Qc5 26. Qe3 Ng4 27. Qg3 h5 28. Be2 Be5 29. Qh3 Bc8 30. Bxg4 Bxg4 31. Qe3 Re8 32. h3 Bd7 33. Kh1 Bg7 34. Nb5 Qc6 35. Red1 Bf5 36. Kh2 Qf6 37. Qc5 c6 38. Nd6 Re5 39. Qxc6 Be6 40. Nxe4 Qf4+ 41. g3 Qxe4 42. Qxe4 Rxe4 43. Rb8+ Kh7 0-1


[Site "https://www.chess.com"]

[Event "Titled Tuesday Blitz February 14 Early 2023"]
[White "Nigmatov, Ortik"]
[Black "Davalos Prieto, Abel Justo"]
[WhiteFideId "14202131"]
[BlackFideId "5102766"]
[WhiteElo "2438"]
[BlackElo "2029"]
[Result "1-0"]
[Round "02"]
[TimeControl "180+2"]
[Date "2023.02.15"]
[WhiteClock "0:01:12"]
[BlackClock "0:00:15"]

1. e4 c5 2. Nf3 Nc6 3. d4 cxd4 4. Nxd4 Nf6 5. Nc3 d6 6. Bg5 e6 7. Qd2 a6 8. O-O-O Bd7 9. f3 Be7 10. h4 h6 11. Be3 h5 12. Bg5 Rc8 13. Kb1 Ne5 14. f4 Nc4 15. Bxc4 Rxc4 16. e5 dxe5 17. fxe5 Ng4 18. Ne4 O-O 19. Qe2 Rc7 20. Rh3 Bxg5 21. hxg5 g6 22. Nf6+ Nxf6 23. gxf6 Rc5 24. Rxh5 gxh5 25. Qe3 1-0


[Site "https://www.chess.com"]

[Event "Titled Tuesday Blitz February 14 Early 2023"]
[White "Paravyan, David"]
[Black "Ordekalog"]
[WhiteFideId "4194985"]
[WhiteElo "2601"]
[BlackElo "2544"]
[Result "1-0"]
[Round "02"]
[TimeControl "180+2"]
[Date "2023.02.15"]
[WhiteClock "0:01:56"]
[BlackClock "0:00:48"]

1. e4 c5 2. Nf3 e6 3. d4 cxd4 4. Nxd4 Nf6 5. Nd2 d5 6. exd5 exd5 7. Bb5+ Bd7 8. O-O Be7 9. Bxd7+ Qxd7 10. Qf3 O-O 11. N2b3 Nc6 12. Bg5 Ne4 13. Bxe7 Qxe7 14. Rad1 Rad8 15. Rfe1 Ne5 16. Qf4 Nc4 17. f3 Qd6 18. Qc1 Nc5 19. Nf5 Qb6 20. Nxc5 Qxc5+ 21. Kh1 h6 22. Qf4 Kh7 23. Re7 Nxb2 24. Qe5 Rg8 25. Rxf7 1-0


[Site "https://www.chess.com"]

[Event "Titled Tuesday Blitz February 14 Early 2023"]
[White "Lenderman, Aleksandr"]
[Black "AidenRchess"]
[WhiteFideId "2021285"]
[WhiteElo "2572"]
[BlackElo "2517"]
[Result "1-0"]
[Round "02"]
[TimeControl "180+2"]
[Date "2023.02.15"]
[WhiteClock "0:01:33"]
[BlackClock "0:00:30"]

1. b3 Nf6 2. Bb2 d5 3. d3 g6 4. g3 Bg7 5. Bg2 O-O 6. c4 d4 7. Nf3 c5 8. b4 Nc6 9. bxc5 Qa5+ 10. Nbd2 Qxc5 11. Nb3 Qb4+ 12. Qd2 Qxd2+ 13. Kxd2 e5 14. Ng5 Bf5 15. Nc5 h6 16. Nge4 Nxe4+ 17. Nxe4 b6 18. Ba3 Bxe4 19. Bxe4 Rfc8 20. Rhc1 Bf8 21. Bxf8 Kxf8 22. c5 b5 23. Rab1 a6 24. a4 Rab8 25. axb5 axb5 26. Ra1 b4 27. Ra6 Ne7 28. Rb6 f5 29. Bg2 b3 30. Rb1 Rxb6 31. cxb6 Kf7 32. b7 Rb8 33. Rxb3 Ke6 34. Rb6+ Kd7 35. f4 exf4 36. gxf4 h5 37. h4 Kc7 38. Rb4 Nc6 39. Rc4 Rxb7 40. Rxc6+ Kb8 41. Rxg6 Rb2+ 42. Ke1 Rb1+ 43. Kf2 Rb2 44. Rg5 Rb3 45. Rxh5 Rc3 46. Rxf5 Kc7 47. h5 Rc6 48. Bxc6 Kxc6 49. h6 Kd6 50. h7 Ke6 51. Re5+ Kd6 52. h8=Q Kc6 53. Qf6+ Kd7 54. Re7+ Kd8 55. Qf8# 1-0


[Site "https://www.chess.com"]

[Event "Titled Tuesday Blitz February 14 Early 2023"]
[White "Bettalli, Francesco"]
[Black "Kamsky, Gata"]
[WhiteFideId "2816453"]
[BlackFideId "2000024"]
[WhiteElo "2252"]
[BlackElo "2665"]
[Result "0-1"]
[Round "02"]
[TimeControl "180+2"]
[Date "2023.02.15"]
[WhiteClock "0:00:01"]
[BlackClock "0:00:29"]

1. d4 Nf6 2. Nc3 d5 3. Bg5 c6 4. Bxf6 exf6 5. e4 Bb4 6. exd5 O-O 7. Bd3 Qxd5 8. Nf3 Re8+ 9. Kf1 Qd8 10. h3 Nd7 11. a3 Bd6 12. Ne4 Bc7 13. Ng3 g6 14. h4 h5 15. Qd2 f5 16. Qh6 Qf6 17. c3 Qg7 18. Qd2 Nb6 19. a4 a5 20. Ne2 Nd5 21. g3 Qf6 22. Kg2 f4 23. Rhf1 Bg4 24. Neg1 fxg3 25. Ne5 Bxe5 26. dxe5 Qxe5 27. Rae1 Nf4+ 28. Kxg3 Ne2+ 29. Kg2 Qd5+ 30. f3 Nxg1 31. Kxg1 Rxe1 32. Rxe1 Qxf3 33. Be2 Qg3+ 34. Kh1 Qxh4+ 35. Kg2 Bh3+ 36. Kf3 Re8 37. Bd3 Rxe1 0-1


[Site "https://www.chess.com"]

[Event "Titled Tuesday Blitz February 14 Early 2023"]
[White "Dragomirescu, Angela"]
[Black "Rakhmanov, Aleksandr"]
[WhiteFideId "1209914"]
[BlackFideId "4173708"]
[WhiteElo "2130"]
[BlackElo "2632"]
[Result "1/2-1/2"]
[Round "02"]
[TimeControl "180+2"]
[Date "2023.02.15"]
[WhiteClock "0:00:20"]
[BlackClock "0:00:12"]

1. e4 c5 2. Nf3 Nf6 3. e5 Nd5 4. Nc3 Nxc3 5. dxc3 Nc6 6. Bc4 e6 7. Qe2 Qb6 8. h4 h6 9. h5 Be7 10. b3 Qc7 11. Bf4 b6 12. Bg3 Bb7 13. Bd3 O-O-O 14. O-O-O d5 15. exd6 Bxd6 16. Rh3 Rd7 17. Bxd6 Qxd6 18. Rg3 Qf4+ 19. Kb2 Qf6 20. Be4 Rxd1 21. Qxd1 Rd8 22. Qe2 Ne7 23. Bxb7+ Kxb7 24. Qe5 Nf5 25. Rg4 Qxe5 26. Nxe5 f6 27. Nd3 e5 28. Re4 Nd6 29. Re2 Kc6 30. c4 Nf5 31. f4 Ng3 32. Re3 Nxh5 33. fxe5 f5 34. e6 Kd6 35. Re5 g6 36. Rd5+ Kc7 37. Ne5 Re8 38. Nxg6 Rxe6 39. Rxf5 Rxg6 40. Rxh5 Rxg2 41. Rxh6 Rg7 42. a3 Kb7 43. b4 Rc7 44. Kb3 Rc8 45. Rh7+ Kb8 46. c3 Rc6 47. Rh8+ Kb7 48. Rh7+ Kb8 49. Rh4 Rc7 50. Ka4 Kb7 51. Kb5 a6+ 52. Ka4 Ka7 53. Kb3 Kb7 54. Rh5 Ka7 55. Rd5 Kb7 56. bxc5 bxc5 57. Rd6 Rc6 58. Rd7+ Kb6 59. Rd5 Re6 60. Ka4 Rg6 61. Re5 Rf6 62. Kb3 Rd6 63. Rd5 Rf6 64. Kc2 Re6 65. Kd3 Rc6 66. Rf5 Ka5 67. Ke4 Ka4 68. Kd5 Rc8 69. Rf6 a5 70. Rc6 Rxc6 71. Kxc6 Kxa3 72. Kxc5 Kb3 73. Kd4 a4 74. c5 a3 75. c6 a2 76. c7 a1=Q 77. c8=Q Qd1+ 78. Ke3 Qe1+ 79. Kd4 Qd1+ 80. Kc5 Kxc3 81. Qh8+ Kc2 82. Qh2+ Qd2 83. Qxd2+ Kxd2 1/2-1/2


[Site "https://www.chess.com"]

[Event "Titled Tuesday Blitz February 14 Early 2023"]
[White "Yuan, Qingyu"]
[Black "Manukian, Artak"]
[WhiteFideId "8609772"]
[BlackFideId "13301373"]
[WhiteElo "2373"]
[BlackElo "2196"]
[Result "1/2-1/2"]
[Round "02"]
[TimeControl "180+2"]
[Date "2023.02.15"]
[WhiteClock "0:00:03"]
[BlackClock "0:00:06"]

1. e4 c6 2. d4 d5 3. exd5 cxd5 4. Bd3 Nc6 5. c3 e5 6. dxe5 Nxe5 7. Bb5+ Nc6 8. Nf3 Nf6 9. O-O Bg4 10. Qa4 Bd7 11. Bf4 Be7 12. Nbd2 O-O 13. Qd1 Qb6 14. Bxc6 bxc6 15. b4 a5 16. a3 Rad8 17. h3 Ne4 18. Be3 Qa6 19. Qb3 Bf6 20. Nxe4 dxe4 21. Nd4 Bxd4 22. Bxd4 Be6 23. Qa4 Ra8 24. bxa5 Bc4 25. Rfe1 Rfe8 26. Re3 Bb5 27. Qd1 Qxa5 28. Qg4 g6 29. Qf4 f5 30. Rg3 Qd8 31. Qxf5 Qd6 32. Qg5 Qe7 33. Qh6 c5 34. Rxg6+ hxg6 35. Qxg6+ Kf8 36. Be3 Qe5 37. Qh7 Ra6 38. Rb1 Re7 39. Bh6+ Ke8 40. Qg8+ Kd7 41. Rxb5 Rxh6 42. Rb7+ Kc6 43. Qc8+ Kd5 44. Qd8+ Kc4 45. Rxe7 Qd5 46. Qxd5+ Kxd5 47. c4+ Kd4 48. a4 Ra6 49. h4 Rxa4 50. h5 Rxc4 51. g4 Ra4 52. h6 c4 53. h7 Ra8 54. g5 c3 55. Rc7 Kd3 56. g6 c2 57. g7 Ra7 58. Rxa7 c1=Q+ 59. Kg2 Qg5+ 60. Kf1 Qc1+ 61. Kg2 Qg5+ 62. Kh3 Qh5+ 63. Kg2 Qg5+ 1/2-1/2


[Site "https://www.chess.com"]

[Event "Titled Tuesday Blitz February 14 Early 2023"]
[White "Boruchovsky, Avital"]
[Black "Sanchez, Robert"]
[WhiteFideId "2800055"]
[BlackFideId "2034360"]
[WhiteElo "2539"]
[BlackElo "1966"]
[Result "1-0"]
[Round "02"]
[TimeControl "180+2"]
[Date "2023.02.15"]
[WhiteClock "0:00:36"]
[BlackClock "0:00:11"]

1. e4 e6 2. Qe2 c5 3. g3 Nc6 4. Bg2 d6 5. f4 g6 6. Nf3 Bg7 7. c3 Nge7 8. d3 O-O 9. O-O h6 10. h3 Qc7 11. Kh2 b5 12. Be3 e5 13. Qd2 Kh7 14. a4 bxa4 15. Na3 Rb8 16. Nc4 f5 17. exf5 Nxf5 18. fxe5 Nxe5 19. Nfxe5 dxe5 20. Rxa4 Bd7 21. Raa1 Bb5 22. Be4 Bxc4 23. dxc4 Nxe3 24. Rxf8 Bxf8 25. Qxe3 Rxb2+ 26. Kh1 Qd6 27. Rxa7+ Bg7 28. Qf3 Qe6 29. g4 Qd6 30. Ra8 Qd2 31. Bxg6+ Kxg6 32. Qf5# 1-0


[Site "https://www.chess.com"]

[Event "Titled Tuesday Blitz February 14 Early 2023"]
[White "Sowul, Bartosz"]
[Black "Bilych, Olexiy"]
[WhiteFideId "1137590"]
[BlackFideId "14156504"]
[WhiteElo "2269"]
[BlackElo "2441"]
[Result "1-0"]
[Round "02"]
[TimeControl "180+2"]
[Date "2023.02.15"]
[WhiteClock "0:01:19"]
[BlackClock "0:01:18"]

1. e4 e5 2. Nf3 Nc6 3. Bb5 a6 4. Bxc6 dxc6 5. O-O Bg4 6. h3 h5 7. d3 Qf6 8. Nbd2 g5 9. Re1 Bc8 10. d4 exd4 11. e5 Qg6 12. Ne4 g4 13. Nh4 Qh7 14. Qxd4 Be6 15. Bg5 Be7 16. Bxe7 Kxe7 17. Rad1 b6 18. Qb4+ c5 19. Nxc5 a5 20. Qa3 Qxc2 21. Nxe6+ Kxe6 22. Rd6+ Ke7 23. Rc6+ 1-0


[Site "https://www.chess.com"]

[Event "Titled Tuesday Blitz February 14 Early 2023"]
[White "Pulpan, Jakub"]
[Black "Enkhtuul, Altan-Ulzii"]
[WhiteFideId "302759"]
[BlackFideId "4901444"]
[WhiteElo "2427"]
[BlackElo "2254"]
[Result "0-1"]
[Round "02"]
[TimeControl "180+2"]
[Date "2023.02.15"]
[WhiteClock "0:00:18"]
[BlackClock "0:00:44"]

1. f4 e5 2. e4 d5 3. exd5 e4 4. d3 Qxd5 5. Nc3 Bb4 6. Bd2 Bxc3 7. Bxc3 Nf6 8. Bxf6 gxf6 9. dxe4 Qxe4+ 10. Qe2 Bf5 11. O-O-O Qxe2 12. Nxe2 Be4 13. Ng3 Bc6 14. Nh5 Nd7 15. Bd3 O-O-O 16. Bf5 Kb8 17. Bxd7 Bxd7 18. Nxf6 Bc6 19. Rxd8+ Rxd8 20. Rd1 Rh8 21. g3 h5 22. Nd7+ Kc8 23. Ne5 Be8 24. Nf3 Bc6 25. Nh4 Re8 26. Kd2 Be4 27. Re1 f5 28. Nf3 Rd8+ 29. Ke3 Bxc2 30. Rc1 Be4 31. Nd4 b6 32. b4 a6 33. h3 Rg8 34. Rg1 Re8 35. Kf2 Rd8 36. Nb3 Rd3 37. Ke2 Rc3 38. Nd4 Rc4 39. Ke3 Rc3+ 40. Kd2 Rd3+ 41. Ke2 Rxd4 42. g4 hxg4 43. hxg4 fxg4 44. Rxg4 Bf5 45. Rg8+ Kd7 46. Kf3 Rd3+ 47. Ke2 Rd4 48. Kf3 Rxb4 49. Rf8 Be4+ 50. Ke3 Bb1 51. a3 Rb3+ 52. Kd4 Rxa3 53. f5 Bxf5 54. Rxf5 Ra4+ 55. Kc3 Kc6 0-1


[Site "https://www.chess.com"]

[Event "Titled Tuesday Blitz February 14 Early 2023"]
[White "Bon, Michael"]
[Black "Kobalia, Mikhail"]
[WhiteFideId "620696"]
[BlackFideId "4119150"]
[WhiteElo "2394"]
[BlackElo "2578"]
[Result "1-0"]
[Round "02"]
[TimeControl "180+2"]
[Date "2023.02.15"]
[WhiteClock "0:00:26"]
[BlackClock "0:00:56"]

1. e4 c5 2. Nf3 e6 3. d4 cxd4 4. Nxd4 a6 5. Nc3 Nc6 6. Be3 Nf6 7. Bd3 Bb4 8. O-O Bxc3 9. bxc3 Ne5 10. f4 Nxd3 11. cxd3 d6 12. Qf3 O-O 13. a4 Nd7 14. Qg3 Nc5 15. f5 exf5 16. Bh6 Qf6 17. Bg5 Qg6 18. exf5 Qh5 19. Be7 Re8 20. Bxd6 b6 21. Be5 f6 22. Bxf6 Qf7 23. Bg5 Bd7 24. a5 bxa5 25. Rxa5 Nb3 26. Nxb3 Qxb3 27. Re5 Qxc3 28. Bf6 1-0


[Site "https://www.chess.com"]